 Dungeon Crawl Stone Soup version 0.23-a0-705-g0e654d2 (webtiles) character file.

386 CanOfBees the Skirmisher (level 6, 0/47 HPs)
             Began as a Demonspawn Gladiator on Jan 14, 2019.
             Was a Follower of Yredelemnul.
             Succumbed to a scorpion's poison
             ... on level 4 of the Dungeon.
             The game lasted 00:07:33 (3093 turns).

CanOfBees the Skirmisher (Demonspawn Gladiator)     Turns: 3093, Time: 00:07:34

Health: 0/47       AC:  7    Str: 21    XL:     6   Next: 48%
Magic:  8/8        EV: 17    Int:  9    God:    Yredelemnul [*.....]
Gold:   103        SH:  0    Dex: 20    Spells: 5/5 levels left

rFire    + . .     SeeInvis .     - Unarmed
rCold    + . .     Gourm    .   (no shield)
rNeg     . . .     Faith    .   k - +0 scale mail
rPois    +         Spirit   .   c - +0 helmet
rElec    +         Reflect  .   (no cloak)
rCorr    +         Harm     .   (no gloves)
MR       .....                  (no boots)
Stlth    +.........             (no amulet)
HPRegen  0.15/turn              (no ring)
MPRegen  0.11/turn              (no ring)

@: mighty, agile, lethally poisoned (0 -> -6), resistant
A: claws 1
a: Animate Remains, Renounce Religion


You were on level 4 of the Dungeon.
You worshipped Yredelemnul.
Yredelemnul was aware of your devotion.
You were not hungry.

You visited 1 branch of the dungeon, and saw 4 of its levels.

You collected 103 gold pieces.

Inventory:

Hand Weapons
 a - a +1 hunting sling of freezing
 n - a +2 short sword of speed
 w - a +0 trident
Missiles
 b - 3 sling bullets
 d - 3 throwing nets
 g - 121 stones (quivered)
 j - 27 poisoned needles
 t - 13 arrows
Armour
 c - a +0 helmet (worn)
 k - a +0 scale mail (worn)
Jewellery
 s - an uncursed ring of fire
Scrolls
 e - 4 scrolls of teleportation
 h - 2 scrolls of identify {unknown}
 i - a scroll of enchant armour {unknown}
 m - a scroll of amnesia {unknown}
 o - a scroll of random uselessness {unknown}
 p - a scroll of remove curse {unknown}
 q - a scroll of noise {unknown}
 x - a scroll of fear {unknown}
 y - a scroll of immolation {unknown}
Comestibles
 f - 5 rations
 u - 2 chunks of flesh


   Skills:
 + Level 3.5 Fighting
 - Level 3.0 Polearms
 + Level 3.1 Throwing
 + Level 2.2 Armour
 - Level 3.0 Dodging
 + Level 2.3 Unarmed Combat
 + Level 3.2 Invocations


You had 5 spell levels left.
You didn't know any spells.
Your spell library was empty.

Dungeon Overview and Level Annotations

Branches:
Dungeon (4/15)
 Temple: D:4-7

Altars:
Qazlal
Trog
Yredelemnul

Shops:
D:4 [


Innate Abilities, Weirdness & Mutations

You have sharp fingernails.


Message History

It was a potion of might.
You feel very mighty all of a sudden.
* * * LOW HITPOINT WARNING * * *
You feel sick.
You aren't carrying any potions.
Unknown command.
* * * LOW HITPOINT WARNING * * *
You feel sick.
* * * LOW HITPOINT WARNING * * *
You feel sick.
* * * LOW HITPOINT WARNING * * *
You feel sick.
* * * LOW HITPOINT WARNING * * *
You feel sick.
You see here a sling bullet.
* * * LOW HITPOINT WARNING * * *
You feel sick.
You see here a sling bullet.
You die...
Your body rises from the dead as a mindless zombie.

...................#
...................##
.................#..#
................###.#####
.........................
#.............#..........
..(..........##..........
#..(....(...##...........
#....#..@((.......##.###.
#.. #............##..##.
# #............###.##.
############## #..#.
#####.#. #.∩.)...
#.####.# #######.# #...
........#.....


There were no monsters in sight!

Vanquished Creatures
  2 scorpions (D:4)
  A bullfrog skeleton (D:4)
  A centaur skeleton (D:4)
  An orc wizard (D:4)
  3 worker ants (D:4)
  An iguana (D:4)
  3 adders
  A worm (D:4)
  A dart slug (D:1)
  A leopard gecko (D:1)
  4 orcs
  8 bats
  2 giant cockroaches
  12 goblins
  7 hobgoblins
  4 jackals (D:3)
  A quokka (D:2)
  4 frilled lizards
  7 kobolds
  8 rats
72 creatures vanquished.

Notes
Turn   | Place    | Note
-------+----------+-------------------------------------------
     0 | D:1      | CanOfBees the Demonspawn Gladiator began the quest for the
                  | Orb.
     0 | D:1      | Reached XP level 1. HP: 16/16 MP: 1/1
   225 | D:1      | Gained mutation: You have sharp fingernails. [demonic
                  | ancestry]
   225 | D:1      | Reached XP level 2. HP: 19/22 MP: 2/2
   957 | D:2      | Reached XP level 3. HP: 28/28 MP: 3/3
  1182 | D:2      | Found a basalt altar of Yredelemnul.
  1185 | D:2      | Became a worshipper of Yredelemnul the Dark
  1236 | D:2      | Found a bloodstained altar of Trog.
  1236 | D:2      | Found a stormy altar of Qazlal.
  1545 | D:2      | Reached skill level 1 in Unarmed Combat
  1839 | D:3      | Reached skill level 1 in Invocations
  1894 | D:3      | Reached skill level 1 in Armour
  1899 | D:3      | Reached XP level 4. HP: 34/34 MP: 4/4
  2195 | D:3      | Reached * piety under Yredelemnul
  2620 | D:4      | Found Piteu's Antique Armour Shoppe.
  2692 | D:4      | Reached XP level 5. HP: 40/40 MP: 6/6
  2860 | D:4      | Reached XP level 6. HP: 24/47 MP: 6/8
  3091 | D:4      | HP: 2/47 [poisoned by a scorpion]
  3093 | D:4      | Succumbed to a scorpion's poison

Vault maps used:
D:1:      lemuel_arrival_tunnels
D:2:      kennysheep_big_flooded_room, gammafunk_temple_overflow_wave,
          lemuel_doored_altar
D:3:      grunt_decor_one_mirror, grunt_decor_cap
D:4:      minmay_thinvault, serial_shops, shop, first_ration

Skill      XL: |  1  2  3  4  5  6 |
---------------+-------------------+-----
Throwing       | 2 3 |  3.1
Polearms       | 3 |  3.0
Unarmed Combat | 1 2 |  2.3
Dodging        | 3 |  3.0
Invocations    | 1 2 3 |  3.2
Armour         | 1 2 |  2.2
Fighting       | 3 |  3.5

Action                   |  1- 3 |  4- 6 || total
-------------------------+-------+-------++-------
Melee: Trident           |    29 |       ||    29
       Unarmed           |   153 |   105 ||   258
       Punch             |       |     2 ||     2
 Fire: Hunting sling     |     8 |    46 ||    54
Throw: Throwing net      |     1 |       ||     1
       Stone             |    10 |     1 ||    11
  Use: Scroll            |     1 |       ||     1
       Potion            |       |     3 ||     3
  Eat: Chunk             |     3 |     4 ||     7
Armor: Scale mail        |   101 |    59 ||   160
       Leather armour    |     2 |       ||     2
Dodge: Dodged            |   121 |    78 ||   199

Table legend:
 A = Non-vault XP
 B = Vault XP
 C = Vault XP percentage of total XP
 D = Non-vault monster count
 E = Vault monster count
 F = Vault count percentage of total count
                 A         B        C        D         E       F
            +---------+---------+-------+---------+---------+-------
      Total |     548 |       4 |   0.7 |      70 |       2 |   2.8
            +---------+---------+-------+---------+---------+-------
        D:1 |      40 |       0 |   0.0 |      23 |       0 |   0.0
        D:2 |      27 |       4 |  12.9 |      11 |       2 |  15.4
        D:3 |      65 |       0 |   0.0 |      24 |       0 |   0.0
        D:4 |     416 |       0 |   0.0 |      12 |       0 |   0.0
            +---------+---------+-------+---------+---------+-------
